[Event "ICC tourney 1984 (45 10)"]
[Site "Internet Chess Club"]
[Date "2020.08.29"]
[Round "1"]
[White "hilariouspanda"]
[Black "erickzhao"]
[Result "0-1"]
[ICCResult "White resigns"]
[WhiteElo "2063"]
[BlackElo "2278"]
[Opening "Queen's pawn: London system"]
[ECO "A45"]
[NIC "QP.07"]
[Time "11:02:44"]
[TimeControl "2700+10"]

1. d4 Nf6 2. Bf4 d5 3. e3 g6 4. Nc3 Bg7 5. Be2 O-O 6. h4 h6 7. Nf3 c6 8. Ne5
Nbd7 9. g4 Nxe5 10. Bxe5 Ne4 11. g5 Nxc3 12. bxc3 h5 13. Bxg7 Kxg7 14. f4
Bf5 15. Qd2 Qd6 16. Bd3 Qe6 17. Bxf5 Qxf5 18. Qd3 Qg4 19. Kf2 Rac8 20. Rag1
Qe6 21. Kg3 c5 22. Rf1 cxd4 23. cxd4 Qg4+ 24. Kf2 Rc4 25. c3 Rfc8 26. Rc1 b5
27. a3 a5 28. Qd2 Qf5 29. Rhg1 b4 30. cxb4 Rc2 31. Rxc2 Rxc2 {White resigns}
0-1

[Event "ICC tourney 1984 (45 10)"]
[Site "Internet Chess Club"]
[Date "2020.08.29"]
[Round "1"]
[White "Aleksandrov73"]
[Black "lmperatorX"]
[Result "1-0"]
[ICCResult "Black resigns"]
[WhiteElo "2709"]
[BlackElo "2118"]
[Opening "QGD: exchange, positional line, 5...c6"]
[ECO "D35"]
[NIC "QO.16"]
[Time "11:02:37"]
[TimeControl "2700+10"]

1. d4 d5 2. c4 e6 3. Nc3 Nf6 4. cxd5 exd5 5. Bg5 c6 6. e3 Bd6 7. Bd3 O-O 8.
Nf3 Re8 9. Qc2 h6 10. Bh4 Be6 11. O-O Nbd7 12. Ne2 a5 13. a4 Qc7 14. Bg3 g6
15. Nf4 Ne4 16. Bxe4 dxe4 17. Nd2 Bf5 18. Nc4 g5 19. Nh5 Bxg3 20. fxg3 Bg6
21. Nf6+ Nxf6 22. Rxf6 Qe7 23. Raf1 {Black resigns} 1-0

[Event "ICC tourney 1984 (45 10)"]
[Site "Internet Chess Club"]
[Date "2020.08.29"]
[Round "1"]
[White "kurumania"]
[Black "BrainOnFire"]
[Result "1-0"]
[ICCResult "Black resigns"]
[WhiteElo "2514"]
[BlackElo "2084"]
[Opening "Queen's Indian: Petrosian system"]
[ECO "E12"]
[NIC "QI.04"]
[Time "11:02:36"]
[TimeControl "2700+10"]

1. d4 Nf6 2. c4 e6 3. Nf3 b6 4. a3 Bb7 5. Nc3 d5 6. cxd5 Nxd5 7. Qc2 Be7 8.
e4 Nxc3 9. bxc3 O-O 10. Bd3 Qc8 11. O-O c5 12. Qe2 Nc6 13. Bb2 Na5 14. Rad1
Rd8 15. h4 Nb3 16. d5 exd5 17. exd5 Bf6 18. Qe4 g6 19. Qf4 Bg7 20. Ng5 Rf8
21. d6 Qd7 22. Rfe1 Rae8 23. Rxe8 Qxe8 24. Bc4 Na5 25. d7 {Black resigns}
1-0

[Event "ICC tourney 1984 (45 10)"]
[Site "Internet Chess Club"]
[Date "2020.08.29"]
[Round "1"]
[White "Plato"]
[Black "tactics321"]
[Result "0-1"]
[ICCResult "White resigns"]
[WhiteElo "2092"]
[BlackElo "2568"]
[Opening "Sicilian defense"]
[ECO "B30"]
[NIC "SI.31"]
[Time "11:03:33"]
[TimeControl "2700+10"]

1. e4 c5 2. Nf3 Nc6 3. c3 Nf6 4. e5 Nd5 5. d4 cxd4 6. cxd4 d6 7. Bc4 Nb6 8.
Bb5 Bd7 9. Nc3 dxe5 10. Nxe5 Nxe5 11. dxe5 Bxb5 12. Nxb5 Qxd1+ 13. Kxd1
O-O-O+ 14. Ke2 Rd5 15. a4 Rxe5+ 16. Kf3 Rf5+ 17. Ke4 e6 18. Bf4 Nd5 19.
Nxa7+ Kd7 20. Bg3 Bc5 21. Nb5 Bxf2 22. Raf1 Nf6+ 23. Kd3 Rd5+ 24. Ke2 Bxg3
25. hxg3 Ke7 26. Rc1 Rhd8 27. Rc7+ R8d7 28. Rhc1 Rd2+ 29. Ke1 Rxg2 30. Na7
Rxb2 31. a5 Nd5 {White resigns} 0-1

[Event "ICC tourney 1984 (45 10)"]
[Site "Internet Chess Club"]
[Date "2020.08.29"]
[Round "1"]
[White "tedchen"]
[Black "HR2005"]
[Result "1-0"]
[ICCResult "Black checkmated"]
[WhiteElo "2302"]
[BlackElo "2068"]
[Opening "King's Indian: 5.Nf3"]
[ECO "E90"]
[NIC "KI.22"]
[Time "11:02:41"]
[TimeControl "2700+10"]

1. d4 Nf6 2. c4 g6 3. Nc3 Bg7 4. e4 d6 5. Nf3 Kf8 6. Be2 Nbd7 7. O-O c5 8.
e5 Ne8 9. e6 fxe6 10. Ng5 Nc7 11. Nb5 Nf6 12. dxc5 Nxb5 13. cxb5 h6 14. Nf3
e5 15. Be3 Bg4 16. Nh4 Bf5 17. g4 Be4 18. f3 g5 19. fxe4 gxh4 20. c6 Qc7 21.
Rc1 Rc8 22. cxb7 Qxb7 23. Rxc8+ Qxc8 24. Bxa7 Qb7 25. Bf2 Qxe4 26. Bf3 Qb4
27. b6 e4 28. a3 Qxb2 29. Bxe4 Kf7 30. Qd3 Rd8 31. Bd4 Qa2 32. Bxf6 d5 33.
Bxg7+ Kxg7 34. Qd4+ Kg8 35. Bf5 Qe2 36. Qf2 Qxf2+ 37. Kxf2 e5 38. b7 d4 39.
Bc8 e4 40. b8=Q e3+ 41. Kg2 d3 42. Be6+ Kg7 43. Qc7+ Kg6 44. Qf7+ Kg5 45.
Qf5# {Black checkmated} 1-0

[Event "ICC tourney 1984 (45 10)"]
[Site "Internet Chess Club"]
[Date "2020.08.29"]
[Round "1"]
[White "annameiyappan"]
[Black "Redbaron"]
[Result "1-0"]
[ICCResult "Black resigns"]
[WhiteElo "2069"]
[BlackElo "2223"]
[Opening "Sicilian"]
[ECO "B50"]
[NIC "SI.01"]
[Time "11:02:37"]
[TimeControl "2700+10"]

1. e4 c5 2. Nf3 d6 3. c3 Nf6 4. Be2 Nbd7 5. d3 g6 6. O-O Bg7 7. Re1 O-O 8.
Bf1 b6 9. d4 Bb7 10. d5 Re8 11. c4 Qc7 12. Nc3 a6 13. Bf4 Nh5 14. Bg3 Nxg3
15. hxg3 Rad8 16. Rc1 h6 17. b3 e6 18. Bd3 e5 19. Nh2 Nf8 20. f4 exf4 21.
gxf4 Bc8 22. Nf3 Bg4 23. Ne2 Bxf3 24. gxf3 Qe7 25. Kg2 Nd7 26. Rh1 Rb8 27.
a4 Ra8 28. Qd2 Nf6 29. Ng3 Reb8 30. f5 Ne8 31. f4 b5 32. fxg6 fxg6 33. cxb5
Nc7 34. e5 axb5 35. Bxg6 bxa4 36. Nf5 Qd7 37. e6 Nxe6 38. dxe6 Qxe6 39. Kf1
axb3 40. Nxg7 Qxg6 41. Rg1 Qe4 42. Ne8+ Kh8 43. Rg8+ Kxg8 44. Nf6+ Kf7 45.
Nxe4 b2 46. Qd5+ Kg7 47. Rb1 Ra1 48. Nc3 Rb6 49. Qf5 Rb3 50. Qd7+ Kh8 51.
Qe8+ Kg7 52. Qe7+ Kh8 53. Qf6+ Kh7 54. Qf7+ {Black resigns} 1-0

[Event "ICC tourney 1984 (45 10)"]
[Site "Internet Chess Club"]
[Date "2020.08.29"]
[Round "1"]
[White "Chessking2008"]
[Black "Monkeybomb3605"]
[Result "1-0"]
[ICCResult "Black resigns"]
[WhiteElo "2157"]
[BlackElo "1962"]
[Opening "King's Indian: Kazakh variation"]
[ECO "E91"]
[NIC "KI.19"]
[Time "11:02:47"]
[TimeControl "2700+10"]

1. c4 Nf6 2. Nc3 g6 3. e4 d6 4. d4 Bg7 5. Nf3 O-O 6. Be2 Na6 7. O-O e5 8.
Qc2 Qe8 9. Rd1 exd4 10. Nxd4 Nc5 11. f3 a5 12. Be3 Qe7 13. Nd5 Nxd5 14. cxd5
f5 15. Nb3 fxe4 16. Bxc5 exf3 17. Bxf3 dxc5 18. Nxc5 Qg5 19. Ne4 Qe3+ 20.
Kh1 Be5 21. Rd3 Qh6 22. g3 Bf5 23. Re1 Rae8 24. Bg2 Re7 25. Qb3 Kg7 26. Rde3
Bd4 27. R3e2 Bg4 28. Qc4 Bb6 29. Qc3+ Kg8 30. Nf6+ Rxf6 31. Rxe7 Rf8 32. d6
c6 {Black resigns} 1-0

[Event "ICC tourney 1984 (45 10)"]
[Site "Internet Chess Club"]
[Date "2020.08.29"]
[Round "1"]
[White "TjkTiger"]
[Black "rjc64uk"]
[Result "1-0"]
[ICCResult "Black resigns"]
[WhiteElo "2585"]
[BlackElo "2098"]
[Opening "English: four knights, Nimzovich variation"]
[ECO "A28"]
[NIC "EO.09"]
[Time "11:02:42"]
[TimeControl "2700+10"]

1. c4 e5 2. Nc3 Nf6 3. Nf3 Nc6 4. e4 Bc5 5. Nxe5 Nxe5 6. d4 Bb4 7. dxe5 Nxe4
8. Qf3 d5 9. Be2 O-O 10. O-O Bxc3 11. bxc3 Be6 12. Rd1 c6 13. cxd5 cxd5 14.
c4 Qa5 15. Bb2 Rfd8 16. Qe3 Nc5 17. Bd4 Rac8 18. cxd5 Bxd5 19. Bg4 Rc6 20.
Bc3 Qc7 21. Bb4 b6 22. h4 a5 23. Ba3 h6 24. Rd4 Nb7 25. Rad1 Rc3 26. Qf4
Rxa3 27. Rxd5 Rxd5 28. Rxd5 Nc5 29. Qd2 Ra4 30. Rd8+ Kh7 31. Qc2+ Re4 32.
Rc8 Qxe5 33. Bf3 Qa1+ 34. Kh2 Qe5+ 35. g3 f5 36. Bxe4 Nxe4 37. Kg2 Nd6 38.
Rc3 Qd5+ 39. Rf3 Ne4 40. Qd3 Qe6 41. Re3 Qc6 42. f3 Nd6 43. Re6 {Black
resigns} 1-0

[Event "ICC tourney 1984 (45 10)"]
[Site "Internet Chess Club"]
[Date "2020.08.29"]
[Round "1"]
[White "BrianDeSousa"]
[Black "helavir"]
[Result "0-1"]
[ICCResult "White resigns"]
[WhiteElo "2119"]
[BlackElo "2642"]
[Opening "Queen's pawn, Mason variation"]
[ECO "D00"]
[NIC "QP.08"]
[Time "11:03:06"]
[TimeControl "2700+10"]

1. d4 d5 2. Bf4 c6 3. e3 Qb6 4. Qc1 Bf5 5. c4 e6 6. Nc3 Nf6 7. Nf3 Be7 8.
Be2 Nbd7 9. h3 h6 10. O-O O-O 11. c5 Qd8 12. b4 a6 13. a4 Ne4 14. b5 axb5
15. axb5 Rxa1 16. Qxa1 Bf6 17. Nxe4 dxe4 18. Ne5 Bxe5 19. Bxe5 Nxe5 20. dxe5
Qd2 21. Re1 cxb5 22. Kf1 Rc8 23. g4 Bg6 24. Bxb5 Qb4 25. Rb1 Qxc5 26. Be2 b6
27. Qa6 Rb8 28. Rb5 Qc7 29. Qa1 f5 30. Qa2 Qc6 31. Bc4 Kh7 32. Qb3 f4 33.
exf4 e3 34. fxe3 Qh1+ 35. Ke2 Rd8 36. f5 Qg2+ 37. Ke1 Rd2 38. fxg6+ Kh8
{White resigns}
0-1

[Event "ICC tourney 1984 (45 10)"]
[Site "Internet Chess Club"]
[Date "2020.08.29"]
[Round "1"]
[White "CARTERD253"]
[Black "saiabhi29"]
[Result "0-1"]
[ICCResult "White resigns"]
[WhiteElo "2060"]
[BlackElo "2062"]
[Opening "French: Burn variation"]
[ECO "C11"]
[NIC "FR.05"]
[Time "11:02:42"]
[TimeControl "2700+10"]

1. d4 d5 2. Nc3 Nf6 3. Bg5 e6 4. e4 dxe4 5. Nxe4 Be7 6. Bxf6 Bxf6 7. Nf3 O-O
8. c3 b6 9. Bd3 Bb7 10. O-O Nd7 11. Qe2 Qe7 12. Rad1 Rad8 13. Rd2 c5 14.
Rfd1 cxd4 15. Nxf6+ Nxf6 16. Nxd4 Qc5 17. Nf3 Qc7 18. c4 h6 19. b3 Nd7 20.
Nd4 Nc5 21. Nb5 Qc6 22. f3 Nxd3 23. Rxd3 Qc5+ 24. Qf2 Rxd3 25. Rxd3 Qf5 26.
Rd1 Ra8 27. Qd4 Bc6 28. Nc3 Qg5 29. Kf2 Qf5 30. Rd2 e5 31. Qd6 Rc8 32. Re2
f6 33. Ke1 Kh8 34. Rd2 e4 35. fxe4 Bxe4 36. Re2 Bd3 37. Qe6 Qc5 38. Re3 Bg6
39. Nd5 Re8 40. Qh3 Qa5+ 41. Nc3 Qxc3+ {White resigns} 0-1

[Event "ICC tourney 1984 (45 10)"]
[Site "Internet Chess Club"]
[Date "2020.08.29"]
[Round "1"]
[White "binomialfactor"]
[Black "musk6868"]
[Result "1-0"]
[ICCResult "Black resigns"]
[WhiteElo "2206"]
[BlackElo "2017"]
[Opening "Nimzo-Indian: Fischer variation, 5.Ne2"]
[ECO "E44"]
[NIC "NI.13"]
[Time "11:02:43"]
[TimeControl "2700+10"]

1. d4 Nf6 2. c4 e6 3. Nc3 Bb4 4. e3 b6 5. Ne2 Bb7 6. a3 Bxc3+ 7. Nxc3 O-O 8.
Bd3 d6 9. O-O Nbd7 10. e4 e5 11. d5 Nc5 12. Bc2 a5 13. Rb1 h6 14. b4 axb4
15. axb4 Ncd7 16. Be3 Qe7 17. f3 Nh5 18. Qd2 Rfd8 19. Rfc1 Ba6 20. Bd3 Nf8
21. c5 bxc5 22. bxc5 Bxd3 23. Qxd3 Rdb8 24. cxd6 cxd6 25. Rxb8 Rxb8 26. Nb5
Nf4 27. Bxf4 exf4 28. Nd4 Rb2 29. Qc3 Qb7 30. Nf5 Qb6+ 31. Kh1 f6 32. h3 Qf2
33. Rg1 Rc2 34. Qb4 Qc5 35. Qb7 Qc7 36. Qxc7 Rxc7 37. Nxd6 Ng6 38. Nf5 Ne5
39. Nd4 Kf7 40. Ne6 Rc3 41. Nxf4 g5 42. Ne2 Re3 43. Nd4 h5 44. Rc1 h4 45.
Nf5 Rd3 46. Nd6+ Ke7 47. Nb7 Rd2 48. Na5 Nd3 49. Rb1 Nf4 50. Rg1 Ne2 51. Re1
Nf4 52. Nc6+ Kd6 53. e5+ Kxd5 54. exf6 Kxc6 55. f7 Rd8 56. Re8 Rd1+ 57. Kh2
Ng6 58. Re6+ Kd7 59. Rxg6 Ke7 60. Rxg5 {Black resigns} 1-0

[Event "ICC tourney 1984 (45 10)"]
[Site "Internet Chess Club"]
[Date "2020.08.29"]
[Round "1"]
[White "guineapig25"]
[Black "PappusChain923"]
[Result "1-0"]
[ICCResult "Black checkmated"]
[WhiteElo "2054"]
[BlackElo "2168"]
[Opening "Sicilian: Pelikan, Chelyabinsk variation"]
[ECO "B33"]
[NIC "SI.37"]
[Time "11:02:42"]
[TimeControl "2700+10"]

1. e4 c5 2. Nf3 Nc6 3. d4 cxd4 4. Nxd4 Nf6 5. Nc3 e5 6. Ndb5 d6 7. Bg5 a6 8.
Na3 b5 9. Nd5 Be7 10. Bxf6 Bxf6 11. c3 O-O 12. Nc2 Rb8 13. Bd3 Bg5 14. h4
Bh6 15. g4 f6 16. Qf3 Ne7 17. Ncb4 Nxd5 18. Nc6 Qb6 19. exd5 Rb7 20. g5 fxg5
21. Bxh7+ Kxh7 22. Qxf8 g4 23. Qxc8 Rf7 24. O-O g3 25. Qg4 Rxf2 26. Qe4+ Kh8
27. Nd4 exd4 28. Qe8+ Kh7 29. Qe4+ Kh8 30. cxd4 Qa5 31. Qd3 Qd2 32. Qxg3
Rxf1+ 33. Rxf1 Qxd4+ 34. Kg2 Qxd5+ 35. Qf3 Qxa2 36. Qf8+ Kh7 37. Qf5+ Kh8
38. Re1 g6 39. Qxg6 Qd5+ 40. Qe4 Qxe4+ 41. Rxe4 Bg7 42. b3 Be5 43. Kh3 Kg7
44. Kg4 Kg6 45. Re2 a5 46. Ra2 Bc3 47. h5+ Kh6 48. Rc2 Bb4 49. Re2 a4 50.
bxa4 bxa4 51. Re4 Bc3 52. Rxa4 Bb2 53. Re4 Be5 54. Rc4 Bh2 55. Rc7 Bg1 56.
Re7 Bc5 57. Re6+ Kh7 58. h6 d5 59. Kh5 Ba3 60. Ra6 Bc5 61. Rc6 Bf8 62. Rc7+
Kh8 63. Kg6 d4 64. Rc8 Kg8 65. h7+ Kh8 66. Rxf8# {Black checkmated} 1-0

[Event "ICC tourney 1984 (45 10)"]
[Site "Internet Chess Club"]
[Date "2020.08.29"]
[Round "1"]
[White "jy2020"]
[Black "xyzchessdude"]
[Result "1-0"]
[ICCResult "Black resigns"]
[WhiteElo "2250"]
[BlackElo "2043"]
[Opening "Sicilian: Nimzovich-Rossolimo attack (with ...g6, without ...d6)"]
[ECO "B31"]
[NIC "SI.31"]
[Time "11:02:44"]
[TimeControl "2700+10"]

1. e4 c5 2. Nf3 Nc6 3. Bb5 g6 4. Bxc6 dxc6 5. d3 Bg7 6. h3 Nf6 7. Nc3 Nd7 8.
Be3 e5 9. Qd2 h6 10. Nh2 b6 11. f4 exf4 12. Bxf4 Nf8 13. O-O Ne6 14. Be3 Nd4
15. Nf3 Be6 16. Rae1 c4 17. Nxd4 Bxd4 18. dxc4 Bxe3+ 19. Qxe3 Bxc4 20. Rf2
Be6 21. e5 Qg5 22. Qf3 O-O 23. Qxc6 Rac8 24. Qf3 Bf5 25. Kh1 h5 26. Ree2 Rc4
27. Nd5 Rh4 28. Qe3 Qxe3 29. Rxe3 Be6 30. Nf4 g5 31. Rg3 g4 32. Re3 Rd8 33.
Kh2 gxh3 34. g3 Rg4 35. Nxh5 Rg5 36. Nf6+ Kg7 37. b3 Rd1 38. g4 Rd4 39. c3
Rd8 40. Kxh3 Rh8+ 41. Kg3 Rh1 42. Rh2 Rg1+ 43. Rg2 Rc1 44. c4 a5 45. a4 Rd1
46. Rh2 Rg1+ 47. Kf2 Rd1 48. Rh7+ Kg6 49. Rh8 Bxg4 50. Rg8+ Kf5 51. Rxg5+
Kxg5 52. Rg3 Rd4 53. Ke3 Kh4 54. Rg1 Rd1 55. Rxg4+ Kh3 56. Rf4 Rb1 57. Rf3+
Kh4 58. Ke4 b5 59. axb5 a4 60. bxa4 Ra1 61. b6 Rxa4 62. Kd4 Rb4 63. Kc5 Rb2
64. Kc6 Rb4 65. c5 {Black resigns} 1-0

[Event "ICC tourney 1984 (45 10)"]
[Site "Internet Chess Club"]
[Date "2020.08.29"]
[Round "1"]
[White "vedrau"]
[Black "xiaoqixia"]
[Result "0-1"]
[ICCResult "White forfeits on time"]
[WhiteElo "1919"]
[BlackElo "2140"]
[Opening "Petrov: Nimzovich attack"]
[ECO "C42"]
[NIC "RG.03"]
[Time "11:02:39"]
[TimeControl "2700+10"]

1. e4 e5 2. Nf3 Nf6 3. Nxe5 d6 4. Nf3 Nxe4 5. Nc3 Nxc3 6. dxc3 Be7 7. Be3
Nc6 8. Qd2 Be6 9. O-O-O Qd7 10. Kb1 a6 11. Ng5 Bxg5 12. Bxg5 f6 13. Bf4
O-O-O 14. Be2 Rhe8 15. h3 Bxa2+ 16. Kxa2 Qe6+ 17. Kb1 Qxe2 18. Qxe2 Rxe2 19.
Be3 Ne7 20. g4 f5 21. Rd4 Rf8 22. Kc1 f4 23. Kd1 f3 24. h4 Ng6 25. c4 Ne5
26. Re4 Rf7 27. g5 b5 28. cxb5 axb5 29. Rh3 Re7 30. h5 c5 31. Rf4 Kd8 32. g6
hxg6 33. hxg6 Re6 34. Rg3 Ke7 35. Rg5 Ke8 36. Rgf5 Rxg6 37. Rxf3 Nxf3 38.
Rxf3 Rxe3 39. fxe3 Rg2 40. b3 Ke7 41. Rf5 Ke6 42. Rf8 Kd5 43. Rd8 g5 44. c4+
bxc4 45. bxc4+ Kxc4 46. Rxd6 g4 47. Ke1 g3 48. Kf1 Ra2 49. e4 g2+ 50. Kg1
Re2 51. e5 Kc3 52. Rg6 Kd4 53. e6 c4 {White forfeits on time} 0-1

[Event "ICC tourney 1984 (45 10)"]
[Site "Internet Chess Club"]
[Date "2020.08.29"]
[Round "1"]
[White "RagingKnightNC"]
[Black "espark"]
[Result "0-1"]
[ICCResult "White resigns"]
[WhiteElo "2067"]
[BlackElo "2310"]
[Opening "Robatsch defense: Pseudo-Austrian attack"]
[ECO "B06"]
[NIC "KF.05"]
[Time "11:02:39"]
[TimeControl "2700+10"]

1. e4 g6 2. d4 Bg7 3. Nc3 d6 4. f4 a6 5. a4 Nd7 6. Nf3 e6 7. Bc4 Ne7 8. O-O
b6 9. f5 gxf5 10. exf5 Nxf5 11. d5 e5 12. Bd3 Ne7 13. Ng5 Nf6 14. Nce4 Neg8
15. Qf3 Qe7 16. Ra3 h6 17. Nxf6+ Nxf6 18. Ne4 Nxe4 19. Bxe4 f5 20. Bxf5 O-O
21. Qg4 Bxf5 22. Rxf5 Rxf5 23. Qxf5 Rf8 24. Qg4 Qf7 25. Rf3 Qxd5 26. Rg3 Qf7
27. Qe2 Kh8 28. Rh3 Qg6 29. Be3 a5 30. g4 Kg8 31. Rg3 d5 32. h4 e4 33. h5
Qd6 34. Bf2 Bf6 35. Rg2 Bg5 36. Be3 Qe5 37. c3 Rf3 38. Bd4 Qf4 39. Rf2 Qxg4+
40. Kf1 Qh3+ 41. Ke1 Qh1+ 42. Qf1 Qxf1+ 43. Rxf1 Rxf1+ 44. Kxf1 Kf7 45. Be5
c6 46. Bc7 Be3 47. Ke2 Bg1 48. Kf1 Bc5 49. Bf4 Kg7 50. Bc7 Kf6 51. Bf4 Kf5
52. Bxh6 Kg4 53. Bd2 Kxh5 54. b4 Bd6 55. bxa5 bxa5 56. c4 Bc7 57. Ke2 Kg4
58. Be3 Kf5 59. Bc5 Be5 60. Bb6 Bc3 61. Ke3 d4+ 62. Ke2 Ke6 63. Kf2 Ke5 64.
Bc7+ Kf5 65. Ke2 Bb4 66. Bb6 c5 67. Ba7 Ke6 68. Bb6 Kd7 69. Kf2 d3 70. Ke3
Kc8 71. Kf2 Kb7 72. Bd8 Bd2 73. Kg2 e3 74. Bg5 Bc1 75. Kf3 e2 76. Bh4 Bd2
77. Ke4 e1=Q+ 78. Bxe1 Bxe1 79. Kxd3 Bb4 80. Ke4 Kc6 81. Ke5 Kd7 82. Kd5 Ke7
83. Ke5 Ba3 84. Kf5 Kd6 85. Kf6 Bb2+ 86. Kf5 Bd4 87. Kf4 Ke6 88. Ke4 Bc3 89.
Kf4 Bd2+ 90. Ke4 Bc1 91. Kd3 Ke5 92. Kc2 Bh6 93. Kd3 Bg5 94. Kc2 Kd4 95. Kb3
Kd3 96. Ka2 Kxc4 97. Ka3 Kc3 98. Ka2 c4 99. Ka3 Kc2 100. Ka2 c3 101. Ka3 Kd2
102. Kb3 c2 103. Ka2 c1=Q 104. Kb3 Bf6 {White resigns} 0-1

[Event "ICC tourney 1984 (45 10)"]
[Site "Internet Chess Club"]
[Date "2020.08.29"]
[Round "1"]
[White "town"]
[Black "drberkley"]
[Result "1/2-1/2"]
[ICCResult "Game drawn by mutual agreement"]
[WhiteElo "2119"]
[BlackElo "1914"]
[Opening "Pirc: Byrne variation"]
[ECO "B07"]
[NIC "PU.09"]
[Time "11:03:09"]
[TimeControl "2700+10"]

1. e4 d6 2. d4 Nf6 3. Nc3 g6 4. Bg5 Bg7 5. Qd2 h6 6. Bf4 g5 7. Bg3 Nh5 8.
O-O-O e6 9. Qe3 Nxg3 10. hxg3 Qe7 11. f4 Nd7 12. Nf3 f6 13. Bd3 Nf8 14. Kb1
Bd7 15. Rh5 O-O-O 16. Rdh1 Be8 17. R5h2 g4 18. Nd2 Kb8 19. Be2 f5 20. exf5
Qf6 21. fxe6 Nxe6 22. d5 Nd4 23. Bxg4 Bg6 24. Nde4 Bxe4 25. Nxe4 Nxc2 26.
Qxa7+ Kxa7 27. Nxf6 Ne3 28. Re1 Nxg2 29. Rxg2 Bxf6 30. Re6 Bd4 31. Kc2 h5
32. Bf3 h4 33. gxh4 Rxh4 34. f5 Rf4 35. Be4 Rf8 36. Kd3 Be5 37. b3 Rh8 38.
Re2 Rh3+ 39. Kd2 Rf1 40. Rxe5 dxe5 41. Bg2 Rhf3 42. Bxf1 Rxf1 43. Rxe5 Kb6
44. Ke2 Rf4 45. Ke3 Rf1 46. Kd4 Rd1+ 47. Kc4 Rc1+ 48. Kb4 Rf1 49. Re6+ c6
50. dxc6 Rf4+ 51. Kc3 bxc6 52. f6 Kc5 53. a4 Rf3+ 54. Kb2 Kd5 55. Re1 Rxf6
56. Ka3 Kc5 57. Rc1+ Kb6 58. Kb4 Rf4+ 59. Rc4 c5+ 60. Kc3 Rf3+ 61. Kb2 Rf5
62. Rg4 Ka5 63. Kc3 Rf1 64. Rc4 Rc1+ 65. Kd3 Rd1+ 66. Kc2 Rd5 67. Kc3 Rh5
68. Rg4 Rh1 69. Rg3 Rc1+ 70. Kb2 Rf1 71. Rg5 Kb4 72. Rg4+ Ka5 73. Kc3 Rc1+
74. Kd3 Rb1 75. Kc4 Rc1+ 76. Kd5 Rc3 77. Rg8 Rxb3 78. Kxc5 Rc3+ 79. Kd4 Rc6
80. Kd5 Rc2 81. Rg4 Ra2 82. Kc5 Rc2+ 83. Kd5 {Game drawn by mutual
agreement} 1/2-1/2

[Event "ICC tourney 1984 (45 10)"]
[Site "Internet Chess Club"]
[Date "2020.08.29"]
[Round "1"]
[White "canary2016"]
[Black "MrNormalName"]
[Result "0-1"]
[ICCResult "White resigns"]
[WhiteElo "1998"]
[BlackElo "2197"]
[Opening "Queen's pawn: London system"]
[ECO "A45"]
[NIC "QP.07"]
[Time "11:03:33"]
[TimeControl "2700+10"]

1. d4 Nf6 2. Bf4 d5 3. e3 c5 4. c3 Nc6 5. Nf3 Qb6 6. Qb3 c4 7. Qc2 Bf5 8.
Qc1 e6 9. Nbd2 Be7 10. Be2 h6 11. h3 O-O 12. O-O Qd8 13. Ne5 Nxe5 14. dxe5
Ne4 15. Nxe4 Bxe4 16. Bd1 b5 17. Bc2 Bxc2 18. Qxc2 Qb6 19. Rfd1 Qc6 20. e4
dxe4 21. Rd4 Rfd8 22. Rxe4 Rd3 23. Rd4 Rxd4 24. cxd4 Rd8 25. Be3 b4 26. Rc1
Rc8 27. Bd2 Qa6 28. Qb1 Qb7 29. Qc2 Qa6 30. Qb1 Qc6 31. Qc2 a5 32. Be1 Qb5
33. Qe2 Qd5 34. Qe3 Bg5 35. f4 Bd8 36. Bf2 Bb6 37. Qd2 Rd8 38. Rd1 Qc6 39.
Rc1 Qd5 40. Rd1 Rc8 41. Rc1 Qc6 42. Be1 Rc7 43. Bf2 c3 44. bxc3 bxc3 45. Qd3
Qc4 46. Qxc4 Rxc4 47. g3 g5 48. fxg5 hxg5 49. Kf1 Bxd4 50. Bxd4 Rxd4 51.
Rxc3 Re4 52. Rc5 Ra4 53. Rc2 Kg7 54. Kf2 Kg6 55. Kf3 Kf5 56. Re2 Ra3+ 57.
Kf2 Rd3 58. Kg2 Rd5 59. Rf2+ Kxe5 60. Rxf7 Rd2+ 61. Rf2 Rd4 62. Re2+ Kf5 63.
Rf2+ Kg6 64. Re2 Kf5 65. Rf2+ Ke5 66. Re2+ Kd5 67. Kf3 e5 68. Rc2 Ra4 69.
Rd2+ Ke6 70. Rb2 Kf5 71. g4+ Ke6 72. Rd2 e4+ 73. Ke3 Ke5 74. Rb2 Ra3+ 75.
Kf2 Rxh3 76. Rb5+ Kf4 77. Rxa5 Rh2+ 78. Kg1 Rb2 79. Ra4 Kf3 80. Ra8 Rb1+ 81.
Kh2 Kxg4 82. Re8 Rb2+ 83. Kg1 Kf3 84. Rf8+ Kg3 85. a4 Ra2 86. Rf5 Ra1+ 87.
Rf1 Rxa4 88. Rf5 Ra1+ 89. Rf1 Rxf1+ 90. Kxf1 Kf3 91. Ke1 Ke3 92. Kf1 Kd2 93.
Kf2 e3+ 94. Kf3 e2 {White resigns} 0-1

[Event "ICC tourney 1984 (45 10)"]
[Site "Internet Chess Club"]
[Date "2020.08.29"]
[Round "2"]
[White "espark"]
[Black "Chessking2008"]
[Result "1/2-1/2"]
[ICCResult "Game drawn by mutual agreement"]
[WhiteElo "2298"]
[BlackElo "2156"]
[Opening "Sicilian: dragon, Yugoslav attack, 7...O-O"]
[ECO "B76"]
[NIC "SI.17"]
[Time "13:32:03"]
[TimeControl "2700+10"]

1. e4 c5 2. Nf3 d6 3. d4 cxd4 4. Nxd4 Nf6 5. Nc3 g6 6. Be3 Bg7 7. f3 O-O 8.
g4 Nc6 9. Qd2 Be6 10. Nxe6 fxe6 11. O-O-O Ne5 12. Be2 Qc8 13. h4 Nfd7 14. h5
Nc4 15. Bxc4 Qxc4 16. hxg6 hxg6 17. f4 Bxc3 18. bxc3 Nf6 19. Bd4 e5 20. fxe5
dxe5 21. Qh6 Kf7 22. Bxe5 Rh8 23. Qg5 Rxh1 24. Rxh1 Qxa2 25. c4 Qxc4 26.
Bxf6 exf6 27. Rh7+ Ke6 28. Qxg6 Qf1+ 29. Kb2 Qb5+
{Game drawn by mutual agreement}
1/2-1/2

[Event "ICC tourney 1984 (45 10)"]
[Site "Internet Chess Club"]
[Date "2020.08.29"]
[Round "2"]
[White "Redbaron"]
[Black "RagingKnightNC"]
[Result "0-1"]
[ICCResult "White resigns"]
[WhiteElo "2226"]
[BlackElo "2101"]
[Opening "Sicilian, Chekhover variation"]
[ECO "B53"]
[NIC "SI.02"]
[Time "13:31:15"]
[TimeControl "2700+10"]

1. e4 c5 2. Nf3 d6 3. d4 cxd4 4. Qxd4 Nc6 5. Qe3 Nf6 6. Be2 g6 7. O-O Bg7 8.
h3 O-O 9. c4 b6 10. Nc3 Bb7 11. Bd2 Rc8 12. Rac1 Nd7 13. Rfd1 Nc5 14. b3 Qc7
15. Nd5 Qd7 16. Bc3 e5 17. b4 Ne6 18. Bb2 f5 19. exf5 gxf5 20. Qb3 Kh8 21.
Ne3 e4 22. Nh4 Ned4 23. Bxd4 Nxd4 24. Rxd4 Bxd4 25. Nhxf5 Rxf5 26. Bg4 Bxe3
27. Qxe3 Qf7 28. Qd4+ Qf6 29. Rd1 Rf8 30. Bxf5 Qxd4 31. Rxd4 Rxf5 32. Rxd6
Kg7 33. g4 Rf6 34. Rd8 Rf7 35. a3 Kf6 36. Kf1 Rc7 37. Rd6+ Ke5 38. Rh6 Kd4
{White resigns}
0-1

[Event "ICC tourney 1984 (45 10)"]
[Site "Internet Chess Club"]
[Date "2020.08.29"]
[Round "2"]
[White "HR2005"]
[Black "BrianDeSousa"]
[Result "1-0"]
[ICCResult "Black resigns"]
[WhiteElo "2089"]
[BlackElo "2085"]
[Opening "Sicilian: accelerated fianchetto, Maróczy bind"]
[ECO "B36"]
[NIC "SI.33"]
[Time "13:31:17"]
[TimeControl "2700+10"]

1. e4 c5 2. Nf3 g6 3. d4 cxd4 4. Nxd4 Nc6 5. c4 Nf6 6. Nc3 d6 7. Be2 Nxd4 8.
Qxd4 Bg7 9. Bg5 O-O 10. Qd2 a5 11. Rc1 a4 12. O-O Qa5 13. f3 Be6 14. Nd5
Nxd5 15. Qxa5 Bd4+ 16. Kh1 Rxa5 17. cxd5 Bxd5 18. exd5 Bxb2 19. Rc2 a3 20.
Bc4 f6 21. Bh6 Rc8 22. Bb3 Rxc2 23. Bxc2 Rc5 24. Bb3 b5 25. h4 Rc3 26. Re1
Kf7 27. Re3 Rc1+ 28. Kh2 g5 29. hxg5 Be5+ 30. g3 Bd4 31. Re4 Bg1+ 32. Kg2
Bc5 33. g6+ Kxg6 34. Bxc1 {Black resigns} 1-0

[Event "ICC tourney 1984 (45 10)"]
[Site "Internet Chess Club"]
[Date "2020.08.29"]
[Round "2"]
[White "funplaychess"]
[Black "guineapig25"]
[Result "1-0"]
[ICCResult "Black resigns"]
[WhiteElo "2373"]
[BlackElo "2030"]
[Opening "King's Indian: Sämisch, double fianchetto variation"]
[ECO "E82"]
[NIC "KI.45"]
[Time "13:31:26"]
[TimeControl "2700+10"]

1. d4 Nf6 2. c4 g6 3. Nc3 Bg7 4. e4 d6 5. f3 O-O 6. Be3 b6 7. Qd2 c5 8. Nge2
Nc6 9. d5 Ne5 10. Ng3 h5 11. Be2 e6 12. O-O exd5 13. cxd5 h4 14. Nh1 Nh7 15.
Nf2 f5 16. Kh1 Qf6 17. f4 Ng4 18. Nxg4 fxg4 19. g3 hxg3 20. hxg3 Bd7 21.
Rae1 Rae8 22. Bd3 b5 23. e5 dxe5 24. Bxc5 exf4 25. Bxf8 Rxe1 26. Rxe1 Bxf8
27. Qxf4 Qxf4 28. gxf4 b4 29. Nb5 a6 30. Nd4 Nf6 31. Bxa6 Bd6 32. Bb5 Bxb5
33. Nxb5 Bxf4 34. d6 Kf8 35. a4 bxa3 36. bxa3 g3 37. Kg2 Nd7 38. a4 Nc5 39.
a5 g5 40. Ra1 Na6 41. Nc7 Nxc7 42. dxc7 Bxc7 43. a6 {Black resigns} 1-0